Cogmind - Beta 10.2 @@@ ROGUE MODE // 2021.05.24 @ 11:50:12 Player: thingamajigger Result: Destroyed by L-41 Fighter with Axe Performance ------------- Evolutions (5) 2500 Regions Visited (19) 3800 Robots Destroyed (195) 975 Value Destroyed (8622) 8622 Prototype IDs (48) 960 Alien Tech Used (0) 0 Bonus (4190) 4190 TOTAL SCORE: 21047 Bonus ------- High Alert Combat Kills 712 Follower Combat Kills 2226 Network Hubs Disabled 400 Met Data Miner 300 Destroyed Z-Imprinter 1000 Triggered Deep Caves Wall 500 Exposed GOLEM Chamber 500 Built Enhanced Grunts 300 A7 Reached Mainframe 300 Friendly Fire -2048 Cogmind --------- Core Integrity 0/1000 Matter 290/300 Energy 698/1600 System Corruption 39% Temperature Cool (0) Movement Walking (130) Ox1 Location -5/Hub_04(d) Parts ------- > --- POWER (2) -------- (None) > --- PROPULSION (2) --- Enhanced Biometal Leg Enhanced Biometal Leg > --- UTILITY (10) ----- Large Storage Unit High-capacity Storage Unit Energy Well Assembled Biocell Array Assembled Combat Suite Experimental Targeting Computer EM Dispersion Field GOLEM Unit > --- WEAPON (3) ------- Assembled Focal Cannon > --- INVENTORY (18) --- Experimental Heat Sink Improved Energy Well (68) Zionite Biocell (0) Matter Compressor (250) Experimental Targeting Computer Improved Transmission Jammer Improved Weapon Shielding Skeleton Box Improved Dynamic Insulation System System Backup Module GOLEM Unit Shock Bomb Launcher Peak State ------------ > --- POWER ------------ Assembled Flux Generator > --- PROPULSION ------- Assembled Alloy Leg Assembled Alloy Leg > --- UTILITY ---------- Assembled Nanovents Assembled Nanovents Assembled Nanovents Medium Storage Unit Assembled Biocell Array Assembled Suspension Frame Assembled Combat Suite Assembled Alloy Armor GOLEM Unit > --- WEAPON ----------- Assembled Focal Cannon Assembled Focal Cannon Assembled Focal Cannon > --- INVENTORY -------- Medium Storage Unit Zionite Biocell GOLEM Unit GOLEM Unit GOLEM Unit [Rating: 147] Favorites ----------- Power Cooled Deuterium Engine Engine Cooled Deuterium Engine Power Core Micro Fission Core Reactor Assembled Flux Generator Propulsion Medium Treads Treads Medium Treads Leg Assembled Alloy Leg Flight Unit Xenon Bombardment Thruster Utility Medium Storage Unit Device GOLEM Unit Storage Medium Storage Unit Processor Advanced Targeting Computer Hackware Hacking Suite Protection Improved Weapon Shielding Weapon Assembled Focal Cannon Energy Gun Shock Rifle Energy Cannon Assembled Focal Cannon Ballistic Gun KE Penetrator Launcher Advanced EMP Blaster Impact Weapon Power Maul Build | -11 -10 -9 -8 -7 -7 -7 -7 -7 -6 -6 -6 -6 -6 -5 -5 -5 -5 -5 -5 ------- Run | Scr Mat Mat Mat Fac Low Low Zio Dee Pro Fac Low Low Dat Pro Fac Ext Cet Arc Hub Slots Evolved 10 | . . 2 2 2 . . . . . 2 . . . . 2 . . . . Power 1 | . . . . . . . . . . 1 . . . . . . . . . Propulsion . | . . . . . . . . . . . . . . . . . . . . Utility 8 | . . 2 2 2 . . . . . . . . . . 2 . . . . Weapon 1 | . . . . . . . . . . 1 . . . . . . . . . Parts Attached 246 | 7 8 22 18 63 19 7 14 29 1 3 7 1 . 1 6 2 6 . 32 Power 25 | 1 1 3 1 6 2 . 1 2 . 2 . . . . . . . . 6 Engine 15 | 1 1 3 1 6 2 . 1 . . . . . . . . . . . . Core 3 | . . . . . . . . . . 1 . . . . . . . . 2 Reactor 7 | . . . . . . . . 2 . 1 . . . . . . . . 4 Propulsion 32 | 2 2 4 3 9 1 1 3 . . . . . . . . . 1 . 6 Treads 26 | 2 2 4 3 9 1 1 2 . . . . . . . . . 1 . 1 Leg 5 | . . . . . . . . . . . . . . . . . . . 5 Wheel . | . . . . . . . . . . . . . . . . . . . . Hover . | . . . . . . . . . . . . . . . . . . . . Flight 1 | . . . . . . . 1 . . . . . . . . . . . . Utility 122 | 2 3 8 10 14 14 4 6 19 1 1 7 1 . 1 6 2 4 . 19 Device 37 | . . 1 1 6 6 1 . 6 . 1 . 1 . . 3 1 1 . 9 Storage 48 | 2 2 6 4 . 4 1 4 8 1 . 6 . . 1 3 1 . . 5 Processor 10 | . . 1 2 3 1 . . . . . 1 . . . . . 1 . 1 Hackware 1 | . 1 . . . . . . . . . . . . . . . . . . Protection 26 | . . . 3 5 3 2 2 5 . . . . . . . . 2 . 4 Artifact . | . . . . . . . . . . . . . . . . . . . . Weapon 67 | 2 2 7 4 34 2 2 4 8 . . . . . . . . 1 . 1 Energy Gun 19 | 1 1 2 4 7 . 1 1 2 . . . . . . . . . . . Energy Cannon 12 | . . . . 10 . . . 2 . . . . . . . . . . . Ballistic Gun 20 | 1 1 4 . 12 1 . 1 . . . . . . . . . . . . Ballistic Cannon . | . . . . . . . . . . . . . . . . . . . . Launcher 15 | . . 1 . 5 1 1 1 4 . . . . . . . . 1 . 1 Special Weapon . | . . . . . . . . . . . . . . . . . . . . Impact Weapon 1 | . . . . . . . 1 . . . . . . . . . . . . Slashing Weapon . | . . . . . . . . . . . . . . . . . . . . Piercing Weapon . | . . . . . . . . . . . . . . . . . . . . Special Melee Weapon . | . . . . . . . . . . . . . . . . . . . . Unidentified Prototypes 23 | . . 1 . 6 1 . 1 8 . . . . . . . . 2 . 4 Parts Lost 56 | . 3 11 1 3 . 2 . 2 . . 1 . . 1 . 1 . . 31 Power 8 | . 1 1 . 1 . . . . . . . . . . . . . . 5 Propulsion 9 | . 1 4 . . . . . . . . . . . . . . . . 4 Utility 22 | . . . 1 2 . 2 . 1 . . 1 . . 1 . 1 . . 13 Weapon 17 | . 1 6 . . . . . 1 . . . . . . . . . . 9 Highest Loss Streak 10 | . 2 3 1 2 . 1 . 1 . . 1 . . 1 . 1 . . 10 Average Slot Usage (%) 90 | . 99 96 95 98 92 93 90 91 92 88 81 86 86 86 87 88 82 82 82 Engine 4 | . 13 11 8 6 6 7 5 1 . . . . . . . . . . . Reactor 2 | . . . . . . . . 5 7 6 6 6 6 6 5 5 5 5 5 Treads 11 | . 27 21 17 14 15 14 14 9 . . . . . . . . 4 5 2 Leg 3 | . . . . . . . . 5 15 13 12 13 13 13 11 11 1 . 4 Device 9 | . . . 6 7 4 11 . 9 15 14 19 11 13 13 32 29 18 11 20 Storage 21 | . 24 29 18 15 14 20 28 24 30 24 19 26 26 26 13 16 17 17 18 Processor 11 | . . 11 17 21 19 15 15 11 . . . . . . . . 1 5 2 Protection 10 | . . . 8 14 14 6 14 7 7 6 5 6 6 6 5 5 14 17 7 Energy Gun 1 | . 6 7 15 3 . 4 . 2 . . . . . . . . . . . Energy Cannon 5 | . . . . 4 . . . 7 15 20 16 20 20 20 16 17 11 11 12 Ballistic Gun 5 | . 21 14 1 6 8 7 6 1 . . . . . . . . . . . Launcher 1 | . . . . . 5 2 . 2 . . . . . . . . 5 5 1 Naked Turns . | . . . . . . . . . . . . . . . . . . . . Heaviest Build 161 | 17 27 46 48 59 59 50 82 83 64 89 109 110 110 110 136 147 148 147 161 Greatest Support 80 | 40 40 40 46 56 56 56 56 70 70 70 70 60 60 60 70 70 80 80 80 Greatest Overweight (x) 24 | 1 . 1 1 1 18 13 24 3 . 1 1 1 1 1 1 2 2 1 7 Average Overweight (x) 1 | . . . . . . . 4 . . 1 1 1 1 1 1 1 1 1 1 Largest Inventory Capacity 20 | 8 12 18 20 14 18 12 20 20 12 12 12 12 12 12 16 18 18 18 18 Average Capacity 14 | 6 8 14 14 14 12 12 18 14 12 12 10 12 12 12 11 17 18 18 18 Most Carried 20 | 2 7 14 15 14 18 12 19 20 12 12 12 12 12 12 13 18 18 18 18 Average Carried 11 | 1 4 8 13 13 11 11 11 13 11 12 9 12 12 11 11 15 17 18 15 Final Capacity 20 | 8 12 14 14 14 12 12 20 12 12 12 12 12 12 12 12 18 18 18 18 Final Carried 19 | 2 7 13 14 14 12 12 19 12 12 12 12 12 12 11 11 18 18 18 13 Class Distribution -------------------- 40% | Mutant 22% | Scavenger-Mutant 22% | Golem 7% | Commander-Golem 4% | Hauler-Mutant Dominant Class ---------------- Mutant | -10/Materials Scavenger-Mutant | -9/Materials Mutant | -8/Materials Mutant | -7/Factory Mutant | -7/Lower Caves Mutant | -7/Lower Caves Scavenger-Mutant | -7/Zion Hauler-Mutant | -7/Deep Caves Golem | -6/Proximity Caves Golem | -6/Factory Golem | -6/Lower Caves Golem | -6/Lower Caves Golem | -6/Data Miner Golem | -5/Proximity Caves Golem | -5/Factory Commander-Golem | -5/Extension Commander-Golem | -5/Cetus Commander-Golem | -5/Archives Scavenger-Golem | -5/Hub_04(d) Resources | -11 -10 -9 -8 -7 -7 -7 -7 -7 -6 -6 -6 -6 -6 -5 -5 -5 -5 -5 -5 ----------- Run | Scr Mat Mat Mat Fac Low Low Zio Dee Pro Fac Low Low Dat Pro Fac Ext Cet Arc Hub Matter Collected 6347 | 242 349 472 192 1070 1122 1072 242 738 10 73 60 20 . 10 60 265 115 . 235 Remotely . | . . . . . . . . . . . . . . . . . . . . Salvage Created 10257 | 77 785 861 568 1378 773 1107 75 767 156 438 699 176 . 169 321 628 299 . 980 Parts 480 | 4 56 69 29 59 34 30 . 8 4 37 29 7 . 6 10 30 9 . 59 Haulers Intercepted 7 | . 1 1 4 1 . . . . . . . . . . . . . . . Recyclers Shooed . | . . . . . . . . . . . . . . . . . . . . Parts Field Recycled . | . . . . . . . . . . . . . . . . . . . . Retrieved Matter . | . . . . . . . . . . . . . . . . . . . . Parts Self-Destructed 82 | . . . . . 12 7 . . 17 . 28 9 . 9 . . . . . Prevented 22 | . . . . . 7 15 . . . . . . . . . . . . . Kills | -11 -10 -9 -8 -7 -7 -7 -7 -7 -6 -6 -6 -6 -6 -5 -5 -5 -5 -5 -5 ------- Run | Scr Mat Mat Mat Fac Low Low Zio Dee Pro Fac Low Low Dat Pro Fac Ext Cet Arc Hub Combat Hostiles Destroyed 187 | . 14 20 5 21 14 13 . 45 1 9 13 3 . 3 4 9 2 . 11 Guns 54 | . 14 17 5 8 2 5 . 3 . . . . . . . . . . . Cannons 61 | . . . . 5 . . . 3 1 9 13 3 . 3 4 9 . . 11 AOE 57 | . . 3 . 2 11 4 . 37 . . . . . . . . . . . Classes Destroyed 24 | 1 6 3 . 1 4 1 . 4 . 1 1 1 . . . . . . 1 Worker 9 | . 3 3 1 . . . . . . 1 . . . . . . . . 1 Builder 6 | . . 2 . . . . . . . 2 . . . . . 1 . . 1 Hauler 7 | . 1 1 4 1 . . . . . . . . . . . . . . . Recycler 5 | 1 1 . 1 2 . . . . . . . . . . . . . . . Minesweeper 1 | . . . . . . . . . . . 1 . . . . . . . . Mechanic 1 | . . . . . . 1 . . . . . . . . . . . . . Operator 2 | . 1 . . . . . . . . . . . . . . . . . 1 Watcher 13 | . 2 2 . 3 . . . . . 1 . . . . 1 1 1 . 2 Swarmer 31 | . 3 4 . 7 4 . . . . 4 5 . . 1 . 3 . . . Grunt 45 | . 11 11 2 4 5 6 . . . 1 1 1 . 1 . 2 . . . Brawler 8 | . . . . . 1 5 . . . . 1 . . . 1 . . . . Duelist 8 | . . 2 1 1 1 2 . . . . 1 . . . . . . . . Protector 2 | . . . . . . . . . . . . . . . . . . . 2 Sentry 25 | . . 3 2 5 1 1 . . 1 2 2 . . 1 1 4 . . 2 Hunter 3 | . . . . . . . . . . 2 1 . . . . . . . . Programmer 8 | . . . . 4 . . . . . . 1 1 . . 2 . . . . Cetus Guard 2 | . . . . . . . . . . . . . . . . . 2 . . Lightning 7 | . . . . . . . . . . . . . . . . . . . 7 Z-Light 3 | . . . . . . . . 3 . . . . . . . . . . . Decomposer 2 | . . . . . 1 1 . . . . . . . . . . . . . Packrat 1 | . . . . . . . . . 1 . . . . . . . . . . Samaritan 5 | . . . . . 2 3 . . . . . . . . . . . . . Tinkerer 1 | . . . . . 1 . . . . . . . . . . . . . . Thief 2 | . . . . . 2 . . . . . . . . . . . . . . Assembler 1 | . . . . . . . . 1 . . . . . . . . . . . Assembled 38 | . . . . . . . . 38 . . . . . . . . . . . Golem 5 | . . . . . . . . 4 . . 1 . . . . . . . . Thug 2 | . . . . . . . . . . . . . . . . . 2 . . Savage 1 | . . . . . . . . . . . . . . . . 1 . . . Mutant 1 | . . . . . . . . . . . . 1 . . . . . . . Best Kill Streak 36 | 1 5 7 3 4 5 9 . 36 1 6 9 1 . 3 5 3 3 . 4 Combat Bots Only 35 | . 4 4 3 3 5 9 . 35 1 4 9 1 . 3 4 2 2 . 4 Max Kills in Single Turn 29 | 1 1 2 1 1 3 2 . 29 1 3 1 1 . 1 1 2 2 . 4 Gunslinging 1 | . . 1 . . . . . . . . . . . . . . . . . Exploded 29 | . . 2 . 1 3 1 . 29 . . . . . . . . . . . Melee . | . . . . . . . . . . . . . . . . . . . . Uniques/NPCs Destroyed 1 | . . . . . . . . 1 . . . . . . . . . . . Z-Imprinter (-7/Deep Caves) Combat | -11 -10 -9 -8 -7 -7 -7 -7 -7 -6 -6 -6 -6 -6 -5 -5 -5 -5 -5 -5 -------- Run | Scr Mat Mat Mat Fac Low Low Zio Dee Pro Fac Low Low Dat Pro Fac Ext Cet Arc Hub Damage Taken 17715 | . 867 1216 486 2359 161 442 . 963 120 847 1075 110 . 269 207 438 136 49 7970 Core 2337 | . 171 149 108 338 25 43 . 134 10 112 139 14 . 70 50 60 11 . 903 Absorbed by Shields 151 | . . . . . . . . . . . . . . . . 82 69 . . Reduced by Siege Mode 163 | . . . . . . . . . . . . . . . . . . . 163 Core Remaining (%) 59 | 100 31 62 80 . . . . . 21 . . . . 60 . . . . . Volleys Fired 614 | 1 73 84 25 77 42 37 8 58 6 24 20 9 . 7 12 30 13 2 86 Largest 3 | 2 2 2 2 2 2 2 1 2 2 3 3 3 . 3 3 3 2 1 3 Hottest 138 | 60 60 88 113 138 53 83 50 119 50 75 75 75 . 75 75 75 61 36 75 Shots Fired 1133 | 2 145 158 50 137 47 51 8 100 12 60 57 27 . 21 34 85 18 2 119 Gun 561 | 2 145 152 50 88 35 46 8 35 . . . . . . . . . . . Cannon 521 | . . . . 42 . . . 59 12 60 57 27 . 21 34 85 7 . 117 Launcher 51 | . . 6 . 7 12 5 . 6 . . . . . . . . 11 2 2 Special . | . . . . . . . . . . . . . . . . . . . . Kinetic 332 | 1 107 113 . 39 35 31 2 4 . . . . . . . . . . . Thermal 495 | . . 23 23 2 . . . 27 12 60 57 27 . 21 34 85 7 . 117 Explosive 13 | . . 6 . 2 . . . 5 . . . . . . . . . . . Electromagnetic 293 | 1 38 16 27 94 12 20 6 64 . . . . . . . . 11 2 2 Robot Hit Streak 53 | 1 12 23 42 53 46 35 5 23 20 19 12 9 . 13 14 16 4 . 15 Robot Miss Streak 5 | . 4 2 1 3 2 2 1 5 1 3 2 3 . 1 2 2 1 . 2 Penetration Max 1 | . . . . . 1 . . . . . . . . . . . . . . Secondary Targets 11 | . 1 6 . 2 . 2 . . . . . . . . . . . . . Max Gunslinging Chain 1 | . 1 1 . 1 . 1 . . . . . . . . . . . . . Shots Hit Robots 795 | 1 97 127 46 112 31 46 5 73 10 35 36 16 . 14 22 35 8 . 81 Core Hits 515 | 1 39 56 16 41 36 29 2 144 3 19 22 3 . 4 8 19 29 1 43 Critical Hits 7 | . . 3 . . 1 3 . . . . . . . . . . . . . Critical Kills 3 | . . 1 . . 1 1 . . . . . . . . . . . . . Critical Parts Destroyed 4 | . . 2 . . . 2 . . . . . . . . . . . . . Melee Attacks 5 | . . . . . . . 5 . . . . . . . . . . . . Impact 5 | . . . . . . . 5 . . . . . . . . . . . . Slashing . | . . . . . . . . . . . . . . . . . . . . Piercing . | . . . . . . . . . . . . . . . . . . . . Sneak Attacks . | . . . . . . . . . . . . . . . . . . . . Combat Hostiles . | . . . . . . . . . . . . . . . . . . . . Follow-up Attacks . | . . . . . . . . . . . . . . . . . . . . Damage Inflicted 29029 | 15 1222 1941 770 2575 1543 2002 83 4880 323 2119 1625 894 . 589 1059 1742 1356 38 4253 Guns 6891 | 15 1154 1415 750 1444 680 920 83 430 . . . . . . . . . . . Cannons 14028 | . . . . 850 . . . 1329 323 1514 1625 894 . 589 1059 1738 276 . 3831 Explosions 8063 | . 68 521 20 281 863 1082 . 3121 . 584 . . . . . . 1080 38 405 Melee . | . . . . . . . . . . . . . . . . . . . . Ramming 47 | . . 5 . . . . . . . 21 . . . . . 4 . . 17 Kinetic 3966 | . 707 1058 . 769 680 687 . 65 . . . . . . . . . . . Thermal 14767 | . 68 284 356 77 309 194 . 822 323 1866 1625 894 . 589 1059 1738 732 . 3831 Explosive 3838 | . . 444 . 68 . . . 3094 . 232 . . . . . . . . . Electromagnetic 6411 | 15 447 150 414 1661 554 1121 83 899 . . . . . . . . 624 38 405 Impact . | . . . . . . . . . . . . . . . . . . . . Slashing . | . . . . . . . . . . . . . . . . . . . . Piercing . | . . . . . . . . . . . . . . . . . . . . Highest Corruption 39 | . . 1 . 6 6 3 . . . . . . . . 2 2 2 2 39 Average Corruption 4 | . . 1 . 3 2 1 . . . . . . . . 1 2 2 2 17 Corruption Purged 10 | . . . . . 6 3 . . . . . . . . . . . . 1 Effects 162 | . . 5 . 29 21 4 . . . . . . . . 3 12 4 4 80 Message Errors 41 | . . 1 . 5 10 1 . . . . . . . . 1 7 2 1 13 Matter Fused 16 | . . . . 7 2 . . . . . . . . . . . . . 7 Heat Flow Errors 9 | . . . . 2 1 . . . . . . . . . 1 1 1 . 3 Energy Discharges 18 | . . . . 7 4 . . . . . . . . . 1 . . 2 4 Parts Rejected 3 | . . . . 1 . . . . . . . . . . . . . . 2 Data Loss (minor) 10 | . . . . 3 2 . . . . . . . . . . 1 1 1 2 Data Loss (major) 4 | . . . . . 1 . . . . . . . . . . . . . 3 Alerts 1 | . . . . . . . . . . . . . . . . . . . 1 Misdirections 10 | . . . . . . . . . . . . . . . . . . . 10 Targeting Errors 43 | . . 3 . 3 1 2 . . . . . . . . . 2 . . 32 Weapon Failures 7 | . . 1 . 1 . 1 . . . . . . . . . 1 . . 3 Overload Shots . | . . . . . . . . . . . . . . . . . . . . Overflow Damage 750 | . 52 16 . 27 42 10 . 63 . 132 47 138 . . 49 145 4 . 25 Projectiles 475 | . . . . 25 . . . 13 . 29 47 138 . . 49 145 4 . 25 Explosions 275 | . 52 16 . 2 42 10 . 50 . 103 . . . . . . . . . Melee . | . . . . . . . . . . . . . . . . . . . . Knockbacks 1 | . . . . . . . . . . . . . . . . . . . 1 Impact 1 | . . . . . . . . . . . . . . . . . . . 1 Kinetic . | . . . . . . . . . . . . . . . . . . . . Secondary . | . . . . . . . . . . . . . . . . . . . . Self-Inflicted Damage 508 | . 57 91 39 113 23 85 . . . . . . . . . 2 17 . 81 Shots 20 | . 2 4 1 5 1 5 . . . . . . . . . . 1 . 1 Rammed 3 | . . 1 . . 1 . . . . . . . . . . 1 . . . Targets Rammed 6 | . . 1 . . 1 . . . . 1 . . . . . 1 . . 2 Kicked 3 | . . . . . . . . . . 1 . . . . . . . . 2 Crushed . | . . . . . . . . . . . . . . . . . . . . Highest Temperature 411 | . 30 134 195 222 200 . . 411 30 406 87 5 . 30 137 211 243 . 267 Average Temperature 72 | . 12 35 68 26 113 . . 114 11 128 29 3 . 13 42 69 107 . 96 Received Heat Transfer 2531 | . 381 357 162 384 . 81 . 181 42 282 99 18 . 90 27 49 39 9 330 Effects 13 | . . . . . . . . 5 . 7 . . . . . . . . 1 Shutdowns 1 | . . . . . . . . . . 1 . . . . . . . . . Energy Bleed 3 | . . . . . . . . 2 . . . . . . . . . . 1 Interference 8 | . . . . . . . . 3 . 5 . . . . . . . . . Matter Decay 1 | . . . . . . . . . . 1 . . . . . . . . . Siege Activations 2 | . . . . . . . . . . . . . . . . . . . 2 Total Turns 62 | . . . . . . . . . . . . . . . . . . . 62 Longest Duration 52 | . . . . . . . . . . . . . . . . . . . 52 Robots Corrupted 15 | . . . . 6 1 4 . 2 . . . . . . . . 2 . . Combat Hostiles 15 | . . . . 6 1 4 . 2 . . . . . . . . 2 . . Parts Fried 38 | . 1 . 5 17 2 5 1 2 . . . . . . . . 4 . 1 Impact Corruptions . | . . . . . . . . . . . . . . . . . . . . Robots Melted . | . . . . . . . . . . . . . . . . . . . . Combat Hostiles . | . . . . . . . . . . . . . . . . . . . . Parts Melted 4 | . . . . . . . . . . . 1 . . 1 1 . . . 1 Heat Transferred 9513 | . 100 605 790 124 450 200 . 475 200 1175 900 475 . 350 525 925 537 . 1682 Parts Sabotaged . | . . . . . . . . . . . . . . . . . . . . Parts Stolen 1 | . . . . . 1 . . . . . . . . . . . . . . Parts Stripped . | . . . . . . . . . . . . . . . . . . . . Power Chain Reactions 14 | . 2 1 1 1 5 2 . . . . . . . . . . 2 . . Missiles Intercepted . | . . . . . . . . . . . . . . . . . . . . Alert | -11 -10 -9 -8 -7 -7 -7 -7 -7 -6 -6 -6 -6 -6 -5 -5 -5 -5 -5 -5 ------- Run | Scr Mat Mat Mat Fac Low Low Zio Dee Pro Fac Low Low Dat Pro Fac Ext Cet Arc Hub Peak Influence 1266 | 5 361 462 304 295 . . . . . 974 . . . . 229 374 894 535 1266 Initial 357 | . 3 152 131 56 . . . . . . . . . . . 112 208 357 186 Average 267 | 2 116 306 157 112 . . . . . 397 . . . . 57 126 577 525 824 Maximum Alert Level 4 | . 1 2 1 1 . . . . . 3 . . . . 1 1 3 2 4 Low Security (%) 58 | 100 81 18 78 84 . . . . . 43 . . . . 80 86 . . 5 Level 1 18 | . 18 64 21 15 . . . . . . . . . . 19 13 8 4 14 Level 2 12 | . . 16 . . . . . . . 32 . . . . . . 74 95 5 Level 3 9 | . . . . . . . . . . 23 . . . . . . 17 . 68 Level 4 . | . . . . . . . . . . . . . . . . . . . 5 Level 5 . | . . . . . . . . . . . . . . . . . . . . High Security . | . . . . . . . . . . . . . . . . . . . . Max Security . | . . . . . . . . . . . . . . . . . . . . Squads Dispatched 29 | . 7 3 . 4 . 1 . . . 5 . . . . 1 . . . 8 Investigation 4 | . 3 . . . . . . . . 1 . . . . . . . . . Extermination 4 | . . . . 2 . . . . . 1 . . . . 1 . . . . Reinforcement 13 | . 4 3 . 2 . . . . . 1 . . . . . . . . 3 Assault 4 | . . . . . . 1 . . . 1 . . . . . . . . 2 Garrison 4 | . . . . . . . . . . 1 . . . . . . . . 3 Intercept . | . . . . . . . . . . . . . . . . . . . . Construction Impeded 1 | . . 1 . . . . . . . . . . . . . . . . . Haulers Reinforced 1 | . . . . . . . . . . 1 . . . . . . . . . Stealth | -11 -10 -9 -8 -7 -7 -7 -7 -7 -6 -6 -6 -6 -6 -5 -5 -5 -5 -5 -5 --------- Run | Scr Mat Mat Mat Fac Low Low Zio Dee Pro Fac Low Low Dat Pro Fac Ext Cet Arc Hub Distress Signals 12 | . 1 3 . 1 . . . . . . . . . . 1 . 1 . 5 Communications Jammed 26 | . . . . . . . . . . 13 . . . . . 13 . . . Distress Signals 13 | . . . . . . . . . . . . . . . . 13 . . . Times Spotted 337 | . 31 27 5 29 34 13 . 58 3 16 13 4 . 5 11 19 19 2 48 Peak Tracking Total 37 | . 4 6 3 5 5 9 . 37 1 4 9 2 . 5 6 5 6 1 16 Tactical Retreats 60 | . 6 . . 2 46 . . . . 1 . . . . 2 1 . . 2 Traps | -11 -10 -9 -8 -7 -7 -7 -7 -7 -6 -6 -6 -6 -6 -5 -5 -5 -5 -5 -5 ------- Run | Scr Mat Mat Mat Fac Low Low Zio Dee Pro Fac Low Low Dat Pro Fac Ext Cet Arc Hub Traps Triggered 18 | . 3 1 1 2 . . . . . 4 . . . . . 7 . . . Indirectly . | . . . . . . . . . . . . . . . . . . . . Trap Hack Attempts . | . . . . . . . . . . . . . . . . . . . . Triggered . | . . . . . . . . . . . . . . . . . . . . Disarmed . | . . . . . . . . . . . . . . . . . . . . Reprogrammed . | . . . . . . . . . . . . . . . . . . . . Reused . | . . . . . . . . . . . . . . . . . . . . Traps Extracted . | . . . . . . . . . . . . . . . . . . . . Installed . | . . . . . . . . . . . . . . . . . . . . Triggered 2 | . . . . . . . . . . . 1 1 . . . . . . . Machines | -11 -10 -9 -8 -7 -7 -7 -7 -7 -6 -6 -6 -6 -6 -5 -5 -5 -5 -5 -5 ---------- Run | Scr Mat Mat Mat Fac Low Low Zio Dee Pro Fac Low Low Dat Pro Fac Ext Cet Arc Hub Machines Disabled 67 | . 1 1 . 2 2 2 2 2 . 27 1 . . . 1 3 7 2 14 Max in Single Turn 12 | . 1 1 . 1 1 2 1 1 . 12 1 . . . 1 1 4 . 7 Garrison Access 5 | . . . . 2 . . . . . 1 . . . . . . . . 2 Network Hub 2 | . . . . . . . . . . . . . . . . . . . 2 Machines Sabotaged . | . . . . . . . . . . . . . . . . . . . . Garrisons Compromised . | . . . . . . . . . . . . . . . . . . . . Overloaded Fab Kills . | . . . . . . . . . . . . . . . . . . . . Fab Network Shutdowns . | . . . . . . . . . . . . . . . . . . . . Hacking | -11 -10 -9 -8 -7 -7 -7 -7 -7 -6 -6 -6 -6 -6 -5 -5 -5 -5 -5 -5 --------- Run | Scr Mat Mat Mat Fac Low Low Zio Dee Pro Fac Low Low Dat Pro Fac Ext Cet Arc Hub Machines Accessed 31 | . 4 2 . 7 1 . . . 1 . . . 3 . 2 6 1 . 4 Terminals 22 | . 4 2 . 4 . . . . 1 . . . . . 2 6 1 . 2 Fabricators . | . . . . . . . . . . . . . . . . . . . . Repair Stations . | . . . . . . . . . . . . . . . . . . . . Recycling Units 1 | . . . . 1 . . . . . . . . . . . . . . . Scanalyzers . | . . . . . . . . . . . . . . . . . . . . Garrison Access 4 | . . . . 2 . . . . . . . . . . . . . . 2 Total Hacks 91 | . 12 5 . 18 1 . . . 1 . . . 19 . 2 23 1 . 9 Successful 62 | . 9 4 . 12 1 . . . 1 . . . 19 . 1 9 . . 6 Failed 29 | . 3 1 . 6 . . . . . . . . . . 1 14 1 . 3 Catastrophic 3 | . . . . . . . . . . . . . . . 1 2 . . . Database Lockouts . | . . . . . . . . . . . . . . . . . . . . Manual 49 | . 7 4 . 13 . . 1 . . . . . . . . 12 1 6 5 Terminals 66 | . 12 5 . 15 . . . . 1 . . . . . 2 23 1 . 7 Fabricators . | . . . . . . . . . . . . . . . . . . . . Repair Stations . | . . . . . . . . . . . . . . . . . . . . Recycling Units 1 | . . . . 1 . . . . . . . . . . . . . . . Scanalyzers . | . . . . . . . . . . . . . . . . . . . . Garrison Access 4 | . . . . 2 . . . . . . . . . . . . . . 2 Terminal Hacks 43 | . 7 1 . 5 1 . . . 1 . . . 19 . 1 6 . . 2 Record 8 | . . . . . . . . . 1 . . . 6 . . 1 . . . Part Schematic 8 | . . . . 2 . . . . . . . . 6 . . . . . . Robot Schematic 4 | . . . . . . . . . . . . . 4 . . . . . . Robot Analysis 2 | . 2 . . . . . . . . . . . . . . . . . . Prototype ID Bank 6 | . 1 . . 1 . . . . . . . . 3 . . 1 . . . Open Door 2 | . . . . . 1 . . . . . . . . . 1 . . . . Branch Access Points 2 | . . . . 1 . . . . . . . . . . . . . . 1 Terminal Index 1 | . 1 . . . . . . . . . . . . . . . . . . Alert Level 1 | . . . . . . . . . . . . . . . . 1 . . . Unreport Threat 1 | . . . . . . . . . . . . . . . . 1 . . . Locate Traps 2 | . . . . . . . . . . . . . . . . 1 . . 1 Reinforcement Status 1 | . 1 . . . . . . . . . . . . . . . . . . Recall Investigation 1 | . 1 . . . . . . . . . . . . . . . . . . Recall Reinforcements 1 | . 1 . . . . . . . . . . . . . . . . . . Registered Prototypes 1 | . . . . . . . . . . . . . . . . 1 . . . Zone Layout 2 | . . 1 . 1 . . . . . . . . . . . . . . . Fabricator Hacks . | . . . . . . . . . . . . . . . . . . . . Repair Station Hacks . | . . . . . . . . . . . . . . . . . . . . Recycling Unit Hacks . | . . . . . . . . . . . . . . . . . . . . Scanalyzer . | . . . . . . . . . . . . . . . . . . . . Garrison Access Hacks 3 | . . . . 2 . . . . . . . . . . . . . . 1 Seal Access 3 | . . . . 2 . . . . . . . . . . . . . . 1 Unauthorized Hacks 16 | . 2 3 . 5 . . . . . . . . . . . 3 . . 3 Terminals 16 | . 2 3 . 5 . . . . . . . . . . . 3 . . 3 Track 5 | . 1 1 . 1 . . . . . . . . . . . 1 . . 1 Assimilate 1 | . . . . 1 . . . . . . . . . . . . . . . Botnet 6 | . . 1 . 2 . . . . . . . . . . . 2 . . 1 Operators 4 | . 1 1 . 1 . . . . . . . . . . . . . . 1 Fabricators . | . . . . . . . . . . . . . . . . . . . . Repair Stations . | . . . . . . . . . . . . . . . . . . . . Recycling Units . | . . . . . . . . . . . . . . . . . . . . Scanalyzers . | . . . . . . . . . . . . . . . . . . . . Garrison Access . | . . . . . . . . . . . . . . . . . . . . Data Cores Recovered . | . . . . . . . . . . . . . . . . . . . . Used . | . . . . . . . . . . . . . . . . . . . . Hacking Detections 22 | . 4 2 . 4 . . . . 1 . . . . . 1 6 1 . 3 Full Trace Events . | . . . . . . . . . . . . . . . . . . . . Feedback Events . | . . . . . . . . . . . . . . . . . . . . Feedback Blocked . | . . . . . . . . . . . . . . . . . . . . Robot Schematics Acquired 4 | . . . . . . . . . . . . . 4 . . . . . . Robots Built . | . . . . . . . . . . . . . . . . . . . . Matter . | . . . . . . . . . . . . . . . . . . . . Time . | . . . . . . . . . . . . . . . . . . . . Total Robot Build Rating . | . . . . . . . . . . . . . . . . . . . . Part Schematics Acquired 8 | . . . . 2 . . . . . . . . 6 . . . . . . Parts Built . | . . . . . . . . . . . . . . . . . . . . Matter . | . . . . . . . . . . . . . . . . . . . . Time . | . . . . . . . . . . . . . . . . . . . . Total Part Build Rating . | . . . . . . . . . . . . . . . . . . . . Parts Repaired . | . . . . . . . . . . . . . . . . . . . . Time . | . . . . . . . . . . . . . . . . . . . . Parts Recycled . | . . . . . . . . . . . . . . . . . . . . Recycled Matter . | . . . . . . . . . . . . . . . . . . . . Retrieved Matter . | . . . . . . . . . . . . . . . . . . . . Retrieved Components . | . . . . . . . . . . . . . . . . . . . . Parts Scanalyzed . | . . . . . . . . . . . . . . . . . . . . Part Schematics Acquired . | . . . . . . . . . . . . . . . . . . . . Parts Damaged . | . . . . . . . . . . . . . . . . . . . . Bothacking | -11 -10 -9 -8 -7 -7 -7 -7 -7 -6 -6 -6 -6 -6 -5 -5 -5 -5 -5 -5 ------------ Run | Scr Mat Mat Mat Fac Low Low Zio Dee Pro Fac Low Low Dat Pro Fac Ext Cet Arc Hub Used RIF Installer . | . . . . . . . . . . . . . . . . . . . . Robots Hacked . | . . . . . . . . . . . . . . . . . . . . Non-combat . | . . . . . . . . . . . . . . . . . . . . Combat . | . . . . . . . . . . . . . . . . . . . . Robot Hacks Applied . | . . . . . . . . . . . . . . . . . . . . Relay Couplers Released 5 | . . . . . . . . . . 2 . . . . . . . . 3 Machine Destruction 5 | . . . . . . . . . . 2 . . . . . . . . 3 Robots Rewired 19 | . . . . . 1 2 . . . . 2 . . . . 14 . . . Allies Hacked . | . . . . . . . . . . . . . . . . . . . . Hacks Repelled . | . . . . . . . . . . . . . . . . . . . . Allies | -11 -10 -9 -8 -7 -7 -7 -7 -7 -6 -6 -6 -6 -6 -5 -5 -5 -5 -5 -5 -------- Run | Scr Mat Mat Mat Fac Low Low Zio Dee Pro Fac Low Low Dat Pro Fac Ext Cet Arc Hub Total Allies 39 | . . . . 1 1 2 7 1 . . 2 . . 1 . 19 5 . . Largest Group 15 | . . . . 1 1 2 9 9 1 1 2 2 2 3 1 14 15 11 9 Highest-Rated Group 908 | . . . . 10 20 62 368 421 99 98 52 52 52 146 94 551 908 705 511 Highest-Rated Ally 156 | . . . . 10 20 32 94 99 99 98 32 32 32 94 94 156 156 156 94 Total Orders 9 | . . . . . . . 2 . . . . . . . . 3 2 2 . STAY 5 | . . . . . . . 1 . . . . . . . . 2 1 1 . FOLLOW 4 | . . . . . . . 1 . . . . . . . . 1 1 1 . Ally Attacks 456 | . . . . . 5 . . 124 9 11 . 3 . 24 11 65 98 18 88 Total Damage 13937 | . . . . . 15 . . 4606 467 1250 . 119 . 707 409 927 2209 426 2802 Kills 98 | . . . . . . . . 26 4 11 . 1 . 3 2 11 20 4 16 Allies Corrupted . | . . . . . . . . . . . . . . . . . . . . Allies Melted . | . . . . . . . . . . . . . . . . . . . . Intel | -11 -10 -9 -8 -7 -7 -7 -7 -7 -6 -6 -6 -6 -6 -5 -5 -5 -5 -5 -5 ------- Run | Scr Mat Mat Mat Fac Low Low Zio Dee Pro Fac Low Low Dat Pro Fac Ext Cet Arc Hub Robot Analysis Total 2 | . 2 . . . . . . . . . . . . . . . . . . Derelict Logs Recovered 8 | . . . . . 2 1 . . 1 . 1 2 . 1 . . . . . Drone Launches . | . . . . . . . . . . . . . . . . . . . . Drone Recoveries . | . . . . . . . . . . . . . . . . . . . . Exploration | -11 -10 -9 -8 -7 -7 -7 -7 -7 -6 -6 -6 -6 -6 -5 -5 -5 -5 -5 -5 ------------- Run | Scr Mat Mat Mat Fac Low Low Zio Dee Pro Fac Low Low Dat Pro Fac Ext Cet Arc Hub Turns Passed 28301 | 97 1157 805 587 2626 5570 1074 5232 2906 811 657 2144 323 131 409 756 1012 613 363 1028 Spaces Moved 11711 | 55 435 317 275 1329 2581 548 1546 1224 522 319 533 164 76 227 360 367 244 198 391 Core 410 | 9 . . . . 108 5 256 31 . . . . . . . . . . 1 Treads 8154 | 46 435 317 275 1329 2473 543 1258 856 . . . . . . . . 208 198 216 Legs 3115 | . . . . . . . . 337 522 319 533 164 76 227 360 367 36 . 174 Wheels . | . . . . . . . . . . . . . . . . . . . . Hover . | . . . . . . . . . . . . . . . . . . . . Flight 32 | . . . . . . . 32 . . . . . . . . . . . . Fastest Speed 40 | 50 160 160 160 160 160 160 40 150 150 170 170 170 170 170 170 170 180 180 130 Average Speed 195 | 149 160 162 162 164 195 164 331 171 150 170 170 170 170 170 170 187 181 180 166 Slowest Speed 1250 | 160 160 180 180 180 950 700 1250 200 150 170 170 170 170 170 170 190 190 180 400 Overloaded Moves . | . . . . . . . . . . . . . . . . . . . . Propulsion Burnouts . | . . . . . . . . . . . . . . . . . . . . Robots Hopped . | . . . . . . . . . . . . . . . . . . . . Cave-ins Triggered . | . . . . . . . . . . . . . . . . . . . . Exploration Rate (%) 55 | 4 83 45 21 38 99 57 85 78 79 16 70 33 68 56 9 61 67 93 49 Regions Visited 19 Branch Regions 13 Pre-discovered Areas 4 | . . . . . 1 . 2 . . . . . 1 . . . . . . Known Exits Taken 7 | . . . . 1 . . . . 1 1 . . . 1 1 . 1 1 . Unknown Exits Taken 12 | 1 1 1 1 . 1 1 1 1 . . 1 1 1 . . 1 . . . Scrap Searched 24 | . . . . . 12 1 2 . 3 . 2 2 . 2 . . . . . Spaces Dug 36 | . . . . 3 . . 2 . . 6 3 . . . 1 18 . . 3 Terrain Destroyed 532 | . 10 20 4 53 26 16 2 30 4 96 16 6 . 7 11 37 18 . 176 Melee 2 | . . . . . . . 2 . . . . . . . . . . . . Projectile 127 | . . . . . 2 6 . 1 4 18 16 6 . 7 11 37 . . 19 AOE 403 | . 10 20 4 53 24 10 . 29 . 78 . . . . . . 18 . 157 Terrain Rammed . | . . . . . . . . . . . . . . . . . . . . Walls Destroyed . | . . . . . . . . . . . . . . . . . . . . Machines Disabled . | . . . . . . . . . . . . . . . . . . . . Actions | -11 -10 -9 -8 -7 -7 -7 -7 -7 -6 -6 -6 -6 -6 -5 -5 -5 -5 -5 -5 --------- Run | Scr Mat Mat Mat Fac Low Low Zio Dee Pro Fac Low Low Dat Pro Fac Ext Cet Arc Hub Total 16135 | 65 756 471 375 1643 3060 664 1640 1936 539 386 1740 188 78 234 486 627 401 203 643 Wait 2911 | 1 232 6 16 102 358 51 33 569 8 35 1114 14 3 . 85 47 120 4 113 Move 11693 | 54 434 316 274 1328 2580 547 1545 1223 521 319 532 163 75 226 359 366 243 197 391 Hop . | . . . . . . . . . . . . . . . . . . . . Pick Up 185 | 2 7 28 19 22 29 . 20 16 1 . 14 . . . 7 8 5 . 7 Fast Attach 99 | 7 1 3 7 24 10 4 6 13 . 2 4 1 . . 1 1 3 . 12 Attach 63 | . 3 16 4 13 2 1 7 5 . . 1 . . . 3 . . . 8 Detach 84 | . 1 2 2 6 3 1 4 11 . 4 21 1 . . 8 2 8 . 10 Swap 84 | . 4 3 7 26 7 2 1 11 1 1 2 . . 1 2 1 3 . 12 Drop 176 | . 1 12 21 45 26 1 11 26 2 1 12 . . . 9 1 6 . 2 Fire 614 | 1 73 84 25 77 42 37 8 58 6 24 20 9 . 7 12 30 13 2 86 Melee 5 | . . . . . . . 5 . . . . . . . . . . . . Ram 1 | . . . . . 1 . . . . . . . . . . . . . . Kick 3 | . . . . . . . . . . . . . . . . 1 . . 2 Crush 1 | . . 1 . . . . . . . . . . . . . . . . . Escape Stasis 35 | . . . . . . . . . . . . . . . . 35 . . . Rewire 181 | . . . . . 2 20 . 4 . . 20 . . . . 135 . . . Trap . | . . . . . . . . . . . . . . . . . . . . Miscellaneous . | . . . . . . . . . . . . . . . . . . . . Route ------- -11/Scrapyard -10/Materials (discovered 4 exits: *Mat x2 / [*Min x2]) -9/Materials (discovered 2 exits: [*Mat] / [*Min]) -8/Materials -7/Factory (discovered 4 exits: *Fac x2 / *Low x2) -7/Lower Caves -7/Lower Caves -7/Zion (discovered 2 exits: [*Dee] / [*Pro]) -7/Deep Caves -6/Proximity Caves -6/Factory (discovered 3 exits: Fac / *Low x2) -6/Lower Caves -6/Lower Caves (discovered 2 exits: *Fac / *Dat) -6/Data Miner -5/Proximity Caves -5/Factory (discovered 3 exits: *Fac x2 / *Ext) -5/Extension (discovered 2 exits: *Fac / *Cet) -5/Cetus -5/Archives (discovered 3 exits: *Fac / *Hub x2) -5/Hub_04(d) History --------- Turn | Location | Event 18 | -11/Scrapyard | Discovered new exit (range 14) 98 | -11/Scrapyard | Entered Materials 300 | -10/Materials | Build established: Mutant 720 | -10/Materials | Discovered new exit (range 14) 900 | -10/Materials | Core integrity fell below 50% 947 | -10/Materials | Discovered new exit (range 8) 1124 | -10/Materials | Discovered new exit (range 9) 1233 | -10/Materials | Discovered new exit (range 11) 1255 | -10/Materials | Entered another Materials area 1255 | -9/Materials | Evolved 2 slots: Utility x2 1516 | -9/Materials | Discovered new exit (range 10) 1807 | -9/Materials | Build established: Scavenger-Mutant 1955 | -9/Materials | Lost 3 parts (2n1w) 2034 | -9/Materials | Discovered new exit (range 10) 2060 | -9/Materials | Entered another Materials area 2060 | -8/Materials | Evolved 2 slots: Utility x2 2507 | -8/Materials | Build established: Mutant 2625 | -8/Materials | Discovered new exit (range 11) 2647 | -8/Materials | Entered Factory 2647 | -7/Factory | Evolved 2 slots: Utility x2 2745 | -7/Factory | Discovered new exit (range 11) 2764 | -7/Factory | Identified exit to Factory 4457 | -7/Factory | Discovered exit to Factory (range 4) 5076 | -7/Factory | Identified exit to Lower Caves 5273 | -7/Factory | Entered Lower Caves 5321 | -7/Lower Caves | Cld. Deuterium Engine stolen by Master Thief 6890 | -7/Lower Caves | Attracted the attention of an 0b10 outpost 6890 | -7/Lower Caves | Core integrity fell below 50% 7084 | -7/Lower Caves | Learned Factory non-interactive machine intel 7130 | -7/Lower Caves | Found Prototype Device 7130 | -7/Lower Caves | Identified Heart of Steel 8036 | -7/Lower Caves | Discovered new exit (range 13) 9283 | -7/Lower Caves | Encountered a Warlord checkpoint 9324 | -7/Lower Caves | Learned location of Zion (-7) 10843 | -7/Lower Caves | Entered another Lower Caves area 10843 | -7/Lower Caves | Accompanied by 1 ally 11152 | -7/Lower Caves | Attracted the attention of an 0b10 outpost 11190 | -7/Lower Caves | Destroyed 9 combat bots 11267 | -7/Lower Caves | Learned location of 2 exits from Factory 11900 | -7/Lower Caves | Discovered new exit (range 8) 11901 | -7/Lower Caves | Build established: Scavenger-Mutant 11917 | -7/Lower Caves | Entered Zion 11917 | -7/Zion | Accompanied by 2 allies 12079 | -7/Zion | Discovered new exit (range 16) 12093 | -7/Zion | Learned location of Warlord (-4) 12559 | -7/Zion | Given the Hacking Drone Bay 12754 | -7/Zion | Given A8's code to call for help 13161 | -7/Zion | Learned location of Quarantine (-3) 13374 | -7/Zion | Gained Derelict followers 16752 | -7/Zion | Found Prototype Device 16892 | -7/Zion | Found Prototype Launcher 16892 | -7/Zion | Identified Rocket Array 17064 | -7/Zion | Discovered new exit (range 7) 17070 | -7/Zion | Saw the warning signs outside the Deep Caves entrance 17117 | -7/Zion | Enhanced Grunt warped into view, answering call for help 17122 | -7/Zion | Enhanced Grunt warped into view, answering call for help 17149 | -7/Zion | Entered Deep Caves 17149 | -7/Deep Caves | Accompanied by 9 allies 17425 | -7/Deep Caves | Attacked by Z-Imprinter 17433 | -7/Deep Caves | Allies destroyed Z-Imprinter 17533 | -7/Deep Caves | Heart of Steel transformed into Warbot 17629 | -7/Deep Caves | Z-Facility disabled 17709 | -7/Deep Caves | Found Prototype Protection 17709 | -7/Deep Caves | Identified Zio. Heavy Carapace 17720 | -7/Deep Caves | Identified Hacking Drone Bay 17773 | -7/Deep Caves | Found Zio. Heavy Carapace 17778 | -7/Deep Caves | Found Zio. Heavy Carapace 17840 | -7/Deep Caves | Found Prototype Protection 17927 | -7/Deep Caves | Build established: Hauler-Mutant 18405 | -7/Deep Caves | Discovered new exit (range 6) 18563 | -7/Deep Caves | Spotted as-56971 18581 | -7/Deep Caves | Identified Zio. Weapon Casing 18586 | -7/Deep Caves | Destroyed as-56971 18631 | -7/Deep Caves | Triggered Deep Caves wall 18634 | -7/Deep Caves | Exposed GOLEM chamber 18638 | -7/Deep Caves | Spotted AS-82821 18639 | -7/Deep Caves | Destroyed AS-44889 18652 | -7/Deep Caves | Allies destroyed AS-82821 18660 | -7/Deep Caves | Destroyed 35 combat bots 18665 | -7/Deep Caves | Spotted as-93806 18680 | -7/Deep Caves | Destroyed as-93806 18715 | -7/Deep Caves | Found GOLEM Unit 18855 | -7/Deep Caves | Found Prototype Device 18855 | -7/Deep Caves | Identified Skeleton Box 18881 | -7/Deep Caves | Found GOLEM Unit 19220 | -7/Deep Caves | Build established: Golem 19648 | -7/Deep Caves | Found GOLEM Unit 19654 | -7/Deep Caves | Found GOLEM Unit 19658 | -7/Deep Caves | Found GOLEM Unit 20055 | -7/Deep Caves | Entered Proximity Caves 20055 | -6/Proximity Caves | Accompanied by 1 ally (Warbot) 20220 | -6/Proximity Caves | Learned location of 1 exit from Factory 20564 | -6/Proximity Caves | Attracted the attention of an 0b10 checkpoint 20667 | -6/Proximity Caves | Spotted B-75 Beast 20672 | -6/Proximity Caves | Allies destroyed B-75 Beast 20838 | -6/Proximity Caves | Discovered exit to Factory (range 14) 20866 | -6/Proximity Caves | Entered Factory 20866 | -6/Factory | Accompanied by 1 ally (Warbot) 20866 | -6/Factory | Evolved 2 slots: Power x1, Weapon x1 20867 | -6/Factory | Identified exit to Lower Caves 20867 | -6/Factory | Identified exit to Factory 20868 | -6/Factory | Loaded intel: 203 non-interactive machine locations 21145 | -6/Factory | Garrison activated, responded to threat 21523 | -6/Factory | Entered Lower Caves 21708 | -6/Lower Caves | Found GOLEM Unit 22670 | -6/Lower Caves | Attracted the attention of an 0b10 checkpoint 22765 | -6/Lower Caves | Attracted the attention of an 0b10 outpost 22822 | -6/Lower Caves | Destroyed 9 combat bots 23655 | -6/Lower Caves | Learned 4 Factory zone layouts 23655 | -6/Lower Caves | Discovered new exit (range 6) 23667 | -6/Lower Caves | Entered another Lower Caves area 23667 | -6/Lower Caves | Accompanied by 2 allies 23676 | -6/Lower Caves | Discovered exit to Factory (range 5) 23679 | -6/Lower Caves | Learned Factory emergency access door positions 23824 | -6/Lower Caves | Encountered a Warlord checkpoint 23922 | -6/Lower Caves | Discovered new exit (range 16) 23990 | -6/Lower Caves | Entered Data Miner 23990 | -6/Data Miner | Accompanied by 2 allies 23990 | -6/Data Miner | Discovered new exit (range 6) 24023 | -6/Data Miner | Met Data Miner 24052 | -6/Data Miner | Learned location of Section 7 (-2) 24052 | -6/Data Miner | Acquired the access code to Warlord's prototype stash 24075 | -6/Data Miner | Received God Mode back door access code from Data Miner 24121 | -6/Data Miner | Entered Proximity Caves 24121 | -5/Proximity Caves | Accompanied by 2 allies 24123 | -5/Proximity Caves | Learned Factory interactive machine intel 24344 | -5/Proximity Caves | Spotted B-75 Beast 24349 | -5/Proximity Caves | Escorted by Enhanced Grunt 24479 | -5/Proximity Caves | Attracted the attention of an 0b10 checkpoint 24506 | -5/Proximity Caves | Discovered exit to Factory (range 15) 24530 | -5/Proximity Caves | Entered Factory 24530 | -5/Factory | Accompanied by 1 ally 24530 | -5/Factory | Evolved 2 slots: Utility x2 24531 | -5/Factory | Identified exit to Extension 24532 | -5/Factory | Identified exit to Factory 24534 | -5/Factory | Loaded intel: 46 interactive machine locations 25138 | -5/Factory | Discovered exit to Factory (range 12) 25286 | -5/Factory | Entered Extension 25576 | -5/Extension | Rescued a captive Derelict 25579 | -5/Extension | Rescued a captive Derelict 25869 | -5/Extension | Rescued a captive Derelict 25943 | -5/Extension | Rescued A7 25984 | -5/Extension | Build established: Commander-Golem 26153 | -5/Extension | Rescued a captive Derelict 26249 | -5/Extension | Discovered exit to Factory (range 10) 26251 | -5/Extension | Discovered new exit (range 6) 26298 | -5/Extension | Entered Cetus 26298 | -5/Cetus | Accompanied by 14 allies (A7) 26303 | -5/Cetus | Acquired a Cetus Manufacturing Module code from A7 26326 | -5/Cetus | Spotted Cetus Guard 26326 | -5/Cetus | Spotted Cetus Guard 26331 | -5/Cetus | Allies destroyed Cetus Guard 26331 | -5/Cetus | Spotted Cetus Guard 26335 | -5/Cetus | Spotted Cetus Guard 26337 | -5/Cetus | Allies destroyed Cetus Guard 26340 | -5/Cetus | Destroyed Cetus Guard 26348 | -5/Cetus | Destroyed Cetus Guard 26483 | -5/Cetus | Started Cetus Manufacturing Module 26503 | -5/Cetus | Remotely autohacked Sealed Heavy Doors 26508 | -5/Cetus | Manufactured an Enhanced Grunt 26533 | -5/Cetus | Manufactured an Enhanced Grunt 26558 | -5/Cetus | Manufactured an Enhanced Grunt 26583 | -5/Cetus | Manufactured an Enhanced Grunt 26608 | -5/Cetus | Manufactured an Enhanced Grunt 26639 | -5/Cetus | Discovered new exit (range 16) 26795 | -5/Cetus | Cetus Manufacturing Module disabled 26837 | -5/Cetus | Escorted A7 to Cetus Mainframe 26901 | -5/Cetus | Identified exit to Archives 26911 | -5/Cetus | Entered Archives 26911 | -5/Archives | Accompanied by 11 allies (A7) 26916 | -5/Archives | Received a hacking code to weaken MAIN.C 26955 | -5/Archives | Unable to access archive contents 26962 | -5/Archives | Discovered new exit (range 16) 26989 | -5/Archives | Identified exit to Hub_04(d) 27031 | -5/Archives | Discovered exit to Factory (range 16) 27090 | -5/Archives | Discovered exit to Hub_04(d) (range 14) 27137 | -5/Archives | Unable to access archive contents 27158 | -5/Archives | Unable to access archive contents 27189 | -5/Archives | Unable to access archive contents 27274 | -5/Archives | Entered Hub_04(d) 27274 | -5/Hub_04(d) | Accompanied by 9 allies 27432 | -5/Hub_04(d) | Incoming assault squad redirected 27479 | -5/Hub_04(d) | Garrison activated, responded to threat 27613 | -5/Hub_04(d) | Network Hub disabled 27637 | -5/Hub_04(d) | Network Hub disabled 27637 | -5/Hub_04(d) | Spotted Lightning 27637 | -5/Hub_04(d) | Spotted Lightning 27637 | -5/Hub_04(d) | Spotted Lightning 27645 | -5/Hub_04(d) | Spotted Lightning 27653 | -5/Hub_04(d) | Spotted Lightning 27653 | -5/Hub_04(d) | Spotted Lightning 27656 | -5/Hub_04(d) | System corruption reached 10% 27691 | -5/Hub_04(d) | Destroyed Lightning 27697 | -5/Hub_04(d) | Destroyed Lightning 27700 | -5/Hub_04(d) | Lost 3 parts (1p2u) 27707 | -5/Hub_04(d) | Destroyed Lightning 27788 | -5/Hub_04(d) | Lost 5 parts (1n1u3w) 27855 | -5/Hub_04(d) | Core integrity fell below 50% 27858 | -5/Hub_04(d) | Lost 6 parts (1p4u1w) 27859 | -5/Hub_04(d) | Destroyed Lightning 27907 | -5/Hub_04(d) | Lost 3 parts (1n1u1w) 27964 | -5/Hub_04(d) | Destroyed Lightning 27976 | -5/Hub_04(d) | Destroyed Lightning 27997 | -5/Hub_04(d) | Found Prototype Device 27997 | -5/Hub_04(d) | Identified Exp. Phase Shifter 28008 | -5/Hub_04(d) | Found Prototype Device 28008 | -5/Hub_04(d) | Identified EM Dispersion Field 28016 | -5/Hub_04(d) | Found Prototype Processor 28016 | -5/Hub_04(d) | Identified Exp. Targeting Computer 28049 | -5/Hub_04(d) | Found Exp. Targeting Computer 28103 | -5/Hub_04(d) | Spotted Lightning 28106 | -5/Hub_04(d) | Spotted Lightning 28116 | -5/Hub_04(d) | System corruption reached 30% 28128 | -5/Hub_04(d) | Spotted Lightning 28152 | -5/Hub_04(d) | Build established: Scavenger-Golem 28174 | -5/Hub_04(d) | First assault squad dispatched 28181 | -5/Hub_04(d) | Core integrity fell below 20% 28181 | -5/Hub_04(d) | Destroyed Lightning 28193 | -5/Hub_04(d) | Found EM Dispersion Field 28204 | -5/Hub_04(d) | Spotted Lightning 28204 | -5/Hub_04(d) | Spotted Lightning 28205 | -5/Hub_04(d) | Spotted Lightning 28236 | -5/Hub_04(d) | Incoming assault squad redirected 28302 | -5/Hub_04(d) | Destroyed by L-41 Fighter with Axe Last Messages --------------- 28278_ FI&JA&SVYFR#C7Q/MWU 28281_ Asb. Focal Cannon destroyed. 28285_ EMDS Slug penetrates Control Node. 28285_ Control Node disabled. 28285_ EMDS Slug penetrates Control Node. 28287_ Control Node disabled. 28287_ EMDS Slug penetrates G-50 Soldier. 28287_ EMDS Slug penetrates Control Node. 28289_ Slug penetrates G-67 Veteran. 28289_ Quantum Reactor destroyed. 28290_ EMDS Slug penetrates Control Node. 28292_ Penetrated by EMDS Slug. 28293_ EMDS Slug penetrates Control Node. 28293_ Penetrated by EMDS Slug. 28294_ System corrupted: Matter fused (-10). 28295_ EMDS Slug penetrates Wall. Map ----- +----------------------------------------------------+ | ????????????????????# =% # " " " " + ?????? | | ????????????????????# # # ?????? | | ????????????????????#"#""### " " %#???????? | | ????????????????????# # # # " ]#???????? | | ????????????????????# # #### " G #???????? | | ????????????????????#?# ##?# %= #???????? | | ??????????????????????# "#?# ! #???????? | | ??????????????????????#!##?###### ####???????? | | ??????????????????????#%#??????########??????? | | ???????????????????####%###### % ??????? | | ???????????????????#[!!=! # # " " " "???????? | | ???????????????????# != # *+ " " " "???????? | | ???????????????????# !![* /=%# " " " "???????? | | ???????????????????# !! # #?? ??????? | | ???????????????????# ![ * # #????####+??????? | | ???????????????????# / #???????????????? | | ???????????????????# ##"### #???????????????? | | ???????????????????### #?# + ?????????????? | | ????????????????????## #"" #? ??????????? | | ????????????????????# ##T #??? ! ????????? | | ????????????????????### "## #?????###???????? | | ??????????????????????# # " #???????????????? | | ??????????????????????# #T #???????????????? | | ??????????????????????##### o#???????????????? | | ??????????????????#########w #???????????????? | | ??????????????????+ @ #???????????????? | | ??????????????????+ l gg #???????????????? | | ??????????????????########/###???????????????? | | ????????????????????#! #???????????????? | | ????????????????????# ! #???????????????? | | ????????????????????# #???????????????? | | ????????????????????# #???????????????? | | ????????????????????# " #???????????????? | | ????????????????????# #???????????????? | | ????????????????????# #???????????????? | | ????????????????????# #???????????????? | | ????????????????????# " #???????????????? | | ????????????????????# #???????????????? | | ????????????????????# #???????????????? | | ????????????????????# #???????????????? | | ????????????????????# #???????????????? | | ????????????????????# = #???????????????? | | ????????????????????# "#?????????????? | | ????????????????????# ###?????????????? | | ????????????????????# " " #???????????????? | | ????????????????????# #???????????????? | | ????????????????????##########???????????????? | | ?????????????????????????????????????????????? | | ?????????????????????????????????????????????? | | ?????????????????????????????????????????????? | +----------------------------------------------------+ Best States ------------- Heat Dissipation 96 Energy Generation 45 Energy Capacity 2350 Matter Stores 300 Matter Capacity 300 Sight Range 16 Robot Scan Range 16 Terrain Scan Range 20 Terrain Scan Density 10 Jamming Range 12 Additional Mass Support 10 EM Shielding 3 Armor Coverage 1200 Resistance: KI 15 Resistance: TH 15 Resistance: EX 15 Resistance: EM 75 Resistance: I 15 Resistance: S 15 Resistance: P 15 Core Shielding 20 Propulsion Shielding 33 Weapon Shielding 100 Phase Shifting 20 Evasion (%) 62 Targeting Accuracy 24 Target Analysis 6 Core Analysis 8 Recoil Reduction 2 Energy Filtering 30 Offensive Hacking 10 Item Schematics ----------------- Power Maul | -7/Factory | Hacked Weapon Cycler | -7/Factory | Hacked Combat Drone Bay | -6/Data Miner | Free Lgt. Regenerative Plating | -6/Data Miner | Free Cmb. Gravmag System | -6/Data Miner | Free Triangulator | -6/Data Miner | Free Exp. Terrain Scanner | -6/Data Miner | Free Kinetic Spear | -6/Data Miner | Free Robot Schematics ------------------ S-27 Virus | -6/Data Miner | Free G-50 Soldier | -6/Data Miner | Free P-70 Sage | -6/Data Miner | Free I-36 Angel | -6/Data Miner | Free Fabricated ------------ Nothing Alien Tech Used ----------------- None Achievements -------------- None Challenges ------------ None Game ------ Seed HellfireRemoteScreen Manual? 0 Play Time 02:17:37 Cumulative 89.1 hours Start 2021.05.24 @ 09:36:16 End 2021.05.24 @ 11:50:12 Sessions 1 Manual Loads 0 Difficulty Rogue Special Mode None Game No. 146 Rogue 134 Adventurer 4 Explorer 8 Win Type - Total 6 Types 5/0/0/1/0/0/0/0/0 Lore% 60 Gallery% 76 Achievement% 56 Wizard Run 0 Options --------- ASCII 0 Keyboard 1 Movement Numpad Keybinds 0 Fullscreen 1 Font 16/Terminus Map View 76x50 Tactical HUD 1 Map Filters NONE Filters NONE Steam 1 RUN: d405d9f0-c288-4e2b-9381-a38c688f0f4f